[Event "GambitGuide"]
[Site "Internet Chess Club"]
[Date "2014.10.31"]
[Round "1"]
[White "JSBach"]
[Black "luckypawns"]
[Result "1-0"]
[ICCResult "Black resigns"]
[WhiteElo "1678"]
[BlackElo "1815"]
[Opening "Vienna: `Frankenstein-Dracula' variation"]
[ECO "C27"]
[NIC "VG.02"]
[Time "13:26:04"]
[TimeControl "120+12"]

1. e4 e5 2. Nc3 Nf6 3. Bc4 Nxe4 4. Qh5 Nd6 5. Bb3 Nc6 6. Nb5 g6 7. Qf3 f5 8.
Qd5 Qe7 9. Nxc7+ Kd8 10. Nxa8 b6 11. d3 Bb7 12. Nxb6 axb6 13. Qf3 Na5 14.
Qh3 e4 15. d4 Bg7 16. Ne2 Nb5 17. Qg3 Qd6 18. Bf4 Qc6 19. d5 Qc5 20. Be3 Qc7
21. Qg5+ Kc8 22. Qe7 Bxb2 23. Rb1 Ba3 24. Qf6 Rf8 25. Qxb6 Qxb6 26. Bxb6
Nxb3 27. Rxb3 Ba6 28. c4 Nc7 29. Rxa3 Bxc4 30. Rc3 Kb7 31. Bxc7 Kxc7 32. Nf4
{Black resigns}
1-0

[Event "GambitGuide"]
[Site "Internet Chess Club"]
[Date "2014.10.31"]
[Round "1"]
[White "JSBach"]
[Black "Heian"]
[Result "1-0"]
[ICCResult "Black checkmated"]
[WhiteElo "1678"]
[BlackElo "1548"]
[Opening "Vienna: `Frankenstein-Dracula' variation"]
[ECO "C27"]
[NIC "VG.02"]
[Time "13:28:04"]
[TimeControl "120+12"]

1. e4 e5 2. Nc3 Nf6 3. Bc4 Nxe4 4. Qh5 Nd6 5. Bb3 Nc6 6. Nb5 g6 7. Qf3 f5 8.
Qd5 Qe7 9. Nxc7+ Kd8 10. Nxa8 b6 11. d3 Bg7 12. Nh3 Nd4 13. Bg5 Bf6 14. Bxf6
Qxf6 15. O-O-O Bb7 16. Nxb6 Bxd5 17. Nxd5 Qg7 18. Rde1 Nxb3+ 19. axb3 e4 20.
dxe4 Nxe4 21. f3 Qh6+ 22. Re3 Re8 23. fxe4 Rxe4 24. Re1 Rxe3 25. Rxe3 g5 26.
Re5 g4+ 27. Nhf4 Qxh2 28. Rxf5 g3 29. Rf8# {Black checkmated} 1-0

[Event "GambitGuide"]
[Site "Internet Chess Club"]
[Date "2014.10.31"]
[Round "1"]
[White "JSBach"]
[Black "TiredDad"]
[Result "1-0"]
[ICCResult "Black resigns"]
[WhiteElo "1684"]
[BlackElo "1400"]
[Opening "Vienna: `Frankenstein-Dracula' variation"]
[ECO "C27"]
[NIC "VG.02"]
[Time "13:29:00"]
[TimeControl "120+12"]

1. e4 e5 2. Nc3 Nf6 3. Bc4 Nxe4 4. Qh5 Nd6 5. Bb3 Nc6 6. Nb5 g6 7. Qf3 f5 8.
Qd5 Qe7 9. Nxc7+ Kd8 10. Nxa8 b6 11. d3 Bb7 12. Nxb6 axb6 13. Qf3 Nd4 14.
Qg3 f4 15. Qg4 Qf7 16. Bxf7 Nxf7 17. Kd1 Nd6 18. Qg5+ Be7 19. Qxe5 Nc6 20.
Qxh8+ {Black resigns} 1-0

[Event "GambitGuide"]
[Site "Internet Chess Club"]
[Date "2014.10.31"]
[Round "1"]
[White "JSBach"]
[Black "jewels2"]
[Result "1-0"]
[ICCResult "Black checkmated"]
[WhiteElo "1684"]
[BlackElo "1124"]
[Opening "Vienna: `Frankenstein-Dracula' variation"]
[ECO "C27"]
[NIC "VG.02"]
[Time "13:26:24"]
[TimeControl "120+12"]

1. e4 e5 2. Nc3 Nf6 3. Bc4 Nxe4 4. Qh5 Nd6 5. Bb3 Nc6 6. Nb5 g6 7. Qf3 f5 8.
Qd5 Qe7 9. Nxc7+ Kd8 10. Nxa8 b6 11. d3 Bg7 12. Nh3 Nd4 13. Bg5 Bf6 14. Bxf6
Qxf6 15. O-O-O Nxb3+ 16. Qxb3 Bb7 17. Nxb6 axb6 18. Qxb6+ Ke7 19. Rhg1 Rc8
20. f3 Rc6 21. Qb4 Ke8 22. d4 exd4 23. Qxd4 Qxd4 24. Rxd4 Kf7 25. Ng5+ Kg7
26. Rgd1 Kh6 27. Rxd6 Rxd6 28. Nf7+ Kg7 29. Nxd6 Bc6 30. b4 Kf6 31. b5 Ba8
32. a4 Ke6 33. b6 Bxf3 34. gxf3 g5 35. b7 g4 36. a5 h5 37. b8=Q h4 38. Qe8+
Kf6 39. Qf7+ Kg5 40. f4+ Kxf4 41. Qxf5+ Ke3 42. Re1+ Kd4 43. Qe5#
{Black checkmated}
1-0

[Event "GambitGuide"]
[Site "Internet Chess Club"]
[Date "2014.10.31"]
[Round "1"]
[White "JSBach"]
[Black "Koval"]
[Result "0-1"]
[ICCResult "White checkmated"]
[WhiteElo "1684"]
[BlackElo "1991"]
[Opening "Vienna: `Frankenstein-Dracula' variation"]
[ECO "C27"]
[NIC "VG.02"]
[Time "13:30:21"]
[TimeControl "120+12"]

1. e4 e5 2. Nc3 Nf6 3. Bc4 Nxe4 4. Qh5 Nd6 5. Bb3 Nc6 6. Nb5 g6 7. Qf3 f5 8.
Qd5 Qe7 9. Nxc7+ Kd8 10. Nxa8 b6 11. d3 Bb7 12. Nxb6 axb6 13. Qf3 Nd4 14.
Qh3 g5 15. Be3 g4 16. Qh5 Nxb3 17. Bxb6+ Kc8 18. cxb3 Bxg2 19. Rc1+ Kb7 20.
Bc5 Bxh1 21. h3 Bc6 22. Bxd6 Qxd6 23. Qxf5 Bh6 24. Rc4 Rf8 25. Qxg4 Qxd3 26.
Qd1 Qxd1+ 27. Kxd1 Rxf2 28. Rh4 Rf1+ 29. Kc2 Rxg1 30. Rxh6 Be4+ 31. Kc3 Rg2
32. Rd6 Rc2+ 33. Kb4 Kc7 34. Rf6 d6 35. Ka3 Kc6 36. b4 Rh2 37. Rh6 Bg6 38.
h4 e4 39. Kb3 e3 40. b5+ Kxb5 41. a4+ Ka5 42. Ka3 e2 43. b4+ Ka6 44. b5+ Kb6
45. Rxg6 hxg6 46. Kb4 e1=Q+ 47. Kc4 Qxh4+ 48. Kd5 Rd2+ 49. Ke6 Qe4+ 50. Kd7
Rc2 51. a5+ Kxb5 52. a6 Kxa6 53. Kd8 Kb6 54. Kd7 Rc7+ 55. Kxd6 Qe7+ 56. Kd5
Rc5+ 57. Kd4 Qe5+ 58. Kd3 Rc3+ 59. Kd2 Qe3+ 60. Kd1 Rc1# {White checkmated}
0-1

[Event "GambitGuide"]
[Site "Internet Chess Club"]
[Date "2014.10.31"]
[Round "1"]
[White "JSBach"]
[Black "Heian"]
[Result "1-0"]
[ICCResult "Black resigns"]
[WhiteElo "1684"]
[BlackElo "1548"]
[Opening "Vienna: `Frankenstein-Dracula' variation"]
[ECO "C27"]
[NIC "VG.02"]
[Time "13:29:15"]
[TimeControl "120+12"]

1. e4 e5 2. Nc3 Nf6 3. Bc4 Nxe4 4. Qh5 Nd6 5. Bb3 Nc6 6. Nb5 g6 7. Qf3 f5 8.
Qd5 Qe7 9. Nxc7+ Kd8 10. Nxa8 b6 11. d3 Bb7 12. Nxb6 axb6 13. Qf3 Nd4 14.
Qg3 Bg7 15. Bg5 Bf6 16. Bxf6 Qxf6 17. Ba4 b5 18. Bb3 Nxb3 19. axb3 g5 20.
Nh3 h6 21. b4 e4 22. Rd1 f4 23. Qg4 Re8 24. O-O e3 25. fxe3 Nf5 26. exf4 Ne3
27. Qh5 Nxd1 28. Qxd1 Qc6 29. Rf2 g4 30. Qxg4 Re1+ 31. Rf1 Rxf1+ 32. Kxf1
Qxc2 33. Nf2 Bd5 34. Qh4+ Kc7 35. g3 Qc1+ 36. Ke2 Qxb2+ 37. Ke3 Qc1+ 38. Kd4
Bc6 39. Ne4 Qg1+ 40. Ke5 Qa1+ 41. Kf5 Qg7 42. Nf6 Qf7 43. Qxh6 Qe6+ 44. Kg5
Qe2 45. d4 Qc4 46. d5 Bxd5 47. h4 Bc6 48. Qf8 Qf1 49. h5 Qh3 50. g4 Qe3 51.
h6 Qe6 52. h7 {Black resigns} 1-0

[Event "GambitGuide"]
[Site "Internet Chess Club"]
[Date "2014.10.31"]
[Round "1"]
[White "JSBach"]
[Black "nsideurheadbro"]
[Result "1-0"]
[ICCResult "Black resigns"]
[WhiteElo "1684"]
[BlackElo "1184"]
[Opening "Vienna: `Frankenstein-Dracula' variation"]
[ECO "C27"]
[NIC "VG.02"]
[Time "13:28:11"]
[TimeControl "120+12"]

1. e4 e5 2. Nc3 Nf6 3. Bc4 Nxe4 4. Qh5 Nd6 5. Bb3 Nc6 6. Nb5 g6 7. Qf3 f5 8.
Qd5 Qe7 9. Nxc7+ Kd8 10. Nxa8 b6 11. d3 Bb7 12. Nxb6 axb6 13. Qf3 f4 14. Bd2
Nd4 15. Qg4 g5 16. Bb4 h5 17. Bxd6 Qxd6 18. Qxg5+ Be7 19. Qg7 Rf8 20. f3 Bf6
21. Qh7 h4 22. Qg6 h3 23. Kd1 hxg2 24. Qxg2 Qc6 25. a3 Nxf3 26. h3 e4 27.
dxe4 Qxe4 28. Qf2 Bd4 29. Qf1 Bxg1 30. Bc4 Qd4+ 31. Qd3 Qxb2 32. Rc1 Be3 33.
Ke2 Bxc1 34. Kd1 Be3 35. Qd6 Bc5 36. Qb8+ Ke7 37. Qxb7 Qa1+ 38. Ke2 Nd4+ 39.
Kd2 Qxh1 40. Qxh1 f3 41. c3 f2 42. cxd4 f1=Q 43. Bxf1 Rf2+ 44. Ke1 Bxd4 45.
Qe4+ {Black resigns} 1-0

[Event "GambitGuide"]
[Site "Internet Chess Club"]
[Date "2014.10.31"]
[Round "1"]
[White "JSBach"]
[Black "luckypawns"]
[Result "1-0"]
[ICCResult "Black resigns"]
[WhiteElo "1684"]
[BlackElo "1815"]
[Opening "Vienna: `Frankenstein-Dracula' variation"]
[ECO "C27"]
[NIC "VG.02"]
[Time "13:28:39"]
[TimeControl "120+12"]

1. e4 e5 2. Nc3 Nf6 3. Bc4 Nxe4 4. Qh5 Nd6 5. Bb3 Nc6 6. Nb5 g6 7. Qf3 f5 8.
Qd5 Qe7 9. Nxc7+ Kd8 10. Nxa8 b6 11. d3 Bb7 12. Nxb6 axb6 13. Qf3 Nd4 14.
Qg3 f4 15. Qg4 Qf6 16. Ba4 Bc6 17. Bb3 h5 18. Qh3 f3 19. Nxf3 Bxf3 20. gxf3
Nxf3+ 21. Kd1 Nd4 22. Re1 Bg7 23. Be3 Nf3 24. Bxb6+ Kc8 25. Re3 Ng5 26. Qh4
Rf8 27. Bd5 Bh6 28. Qb4 Nb5 29. Qc4+ Kb8 30. Qxb5 {Black resigns} 1-0

[Event "GambitGuide"]
[Site "Internet Chess Club"]
[Date "2014.10.31"]
[Round "1"]
[White "JSBach"]
[Black "TiredDad"]
[Result "1-0"]
[ICCResult "Black checkmated"]
[WhiteElo "1684"]
[BlackElo "1400"]
[Opening "Vienna: `Frankenstein-Dracula' variation"]
[ECO "C27"]
[NIC "VG.02"]
[Time "13:30:14"]
[TimeControl "120+12"]

1. e4 e5 2. Nc3 Nf6 3. Bc4 Nxe4 4. Qh5 Nd6 5. Bb3 Nc6 6. Nb5 g6 7. Qf3 f5 8.
Qd5 Qe7 9. Nxc7+ Kd8 10. Nxa8 b6 11. d3 Bb7 12. Nxb6 axb6 13. Qf3 Nd4 14.
Qh3 Nxb3 15. axb3 g5 16. Be3 Kc7 17. b4 g4 18. Qg3 Qf6 19. Ne2 f4 20. Bxb6+
Kxb6 21. Qxg4 h5 22. Qxd7 Qe7 23. Qa4 Bg7 24. O-O e4 25. Nxf4 exd3 26. Ng6
Qe2 27. Qd7 Re8 28. Qxd6+ Bc6 29. Ra6+ Kxa6 30. Qxc6+ Ka7 31. Ra1+ Kb8 32.
Ra8# {Black checkmated} 1-0

[Event "GambitGuide"]
[Site "Internet Chess Club"]
[Date "2014.10.31"]
[Round "1"]
[White "JSBach"]
[Black "luckypawns"]
[Result "1-0"]
[ICCResult "Black resigns"]
[WhiteElo "1684"]
[BlackElo "1815"]
[Opening "Vienna: `Frankenstein-Dracula' variation"]
[ECO "C27"]
[NIC "VG.02"]
[Time "13:32:52"]
[TimeControl "120+12"]

1. e4 e5 2. Nc3 Nf6 3. Bc4 Nxe4 4. Qh5 Nd6 5. Bb3 Nc6 6. Nb5 g6 7. Qf3 f5 8.
Qd5 Qe7 9. Nxc7+ Kd8 10. Nxa8 b6 11. d3 Bb7 12. Nxb6 axb6 13. Qf3 Nd4 14.
Qh3 Bg7 15. Be3 Nxb3 16. Bxb6+ Ke8 17. axb3 Qg5 18. Nf3 Bxf3 19. Qxf3 e4 20.
Qh3 Bxb2 21. Ra8+ Ke7 22. Qxh7+ Nf7 23. Bc5+ d6 24. Ra7+ Ke8 25. Qxf7+
{Black resigns}
1-0

[Event "GambitGuide"]
[Site "Internet Chess Club"]
[Date "2014.10.31"]
[Round "1"]
[White "JSBach"]
[Black "Heian"]
[Result "1-0"]
[ICCResult "Black resigns"]
[WhiteElo "1684"]
[BlackElo "1548"]
[Opening "Vienna: `Frankenstein-Dracula' variation"]
[ECO "C27"]
[NIC "VG.02"]
[Time "13:32:31"]
[TimeControl "120+12"]

1. e4 e5 2. Nc3 Nf6 3. Bc4 Nxe4 4. Qh5 Nd6 5. Bb3 Nc6 6. Nb5 g6 7. Qf3 f5 8.
Qd5 Qe7 9. Nxc7+ Kd8 10. Nxa8 b6 11. d3 e4 12. dxe4 Nxe4 13. Be3 Bb7 14.
Nxb6 axb6 15. Bxb6+ Kc8 16. Be3 f4 17. f3 fxe3 18. Qxe4 Qf6 19. Qe8+ Kc7 20.
Qxe3 Bg7 21. c3 h5 22. Rd1 Bh6 23. Qe2 Ne5 24. Qb5 Bc6 25. Qa5+ Kb7 26. Bd5
Re8 27. Kf1 Ra8 28. Qb5+ Kc7 29. Bxc6 Nxc6 30. Rxd7+ Kxd7 31. Qb7+ Kd6 32.
Qxa8 Qe6 33. Ne2 Bd2 34. Qxc6+ Kxc6 35. Nd4+ Kd5 36. Nxe6 Kc4 37. Ke2
{Black resigns}
1-0

[Event "GambitGuide"]
[Site "Internet Chess Club"]
[Date "2014.10.31"]
[Round "1"]
[White "JSBach"]
[Black "Heian"]
[Result "1-0"]
[ICCResult "Black resigns"]
[WhiteElo "1684"]
[BlackElo "1548"]
[Opening "Vienna: `Frankenstein-Dracula' variation"]
[ECO "C27"]
[NIC "VG.02"]
[Time "13:34:29"]
[TimeControl "120+12"]

1. e4 e5 2. Nc3 Nf6 3. Bc4 Nxe4 4. Qh5 Nd6 5. Bb3 Nc6 6. Nb5 g6 7. Qf3 f5 8.
Qd5 Qe7 9. Nxc7+ Kd8 10. Nxa8 b6 11. d3 Bb7 12. Nxb6 axb6 13. Qf3 Nd4 14.
Qg3 Qf6 15. Bg5 f4 16. Bxf6+ {Black resigns} 1-0

[Event "GambitGuide"]
[Site "Internet Chess Club"]
[Date "2014.10.31"]
[Round "1"]
[White "JSBach"]
[Black "TiredDad"]
[Result "1-0"]
[ICCResult "Black resigns"]
[WhiteElo "1684"]
[BlackElo "1400"]
[Opening "Vienna: `Frankenstein-Dracula' variation"]
[ECO "C27"]
[NIC "VG.02"]
[Time "13:33:47"]
[TimeControl "120+12"]

1. e4 e5 2. Nc3 Nf6 3. Bc4 Nxe4 4. Qh5 Nd6 5. Bb3 Nc6 6. Nb5 g6 7. Qf3 f5 8.
Qd5 Qe7 9. Nxc7+ Kd8 10. Nxa8 b6 11. d3 Nb4 12. Qf3 Bb7 13. Qg3 Bxa8 14. Bg5
Qxg5 15. Qxg5+ Be7 16. Qg3 f4 17. Qg4 {Black resigns} 1-0

[Event "GambitGuide"]
[Site "Internet Chess Club"]
[Date "2014.10.31"]
[Round "1"]
[White "JSBach"]
[Black "skibum1313"]
[Result "1-0"]
[ICCResult "Black resigns"]
[WhiteElo "1684"]
[BlackElo "1513"]
[Opening "Vienna: `Frankenstein-Dracula' variation"]
[ECO "C27"]
[NIC "VG.02"]
[Time "13:33:51"]
[TimeControl "120+12"]

1. e4 e5 2. Nc3 Nf6 3. Bc4 Nxe4 4. Qh5 Nd6 5. Bb3 Nc6 6. Nb5 g6 7. Qf3 f5 8.
Qd5 Qe7 9. Nxc7+ Kd8 10. Nxa8 b6 11. d3 Bb7 12. Nxb6 axb6 13. Qf3 Nd4 14.
Qg3 Nxb3 15. axb3 Bg7 16. Be3 b5 17. Bg5 Bf6 18. Bxf6 Qxf6 19. Nf3 Nf7 20.
Ra5 Bc6 21. c4 bxc4 22. dxc4 Re8 23. Ra7 Ke7 24. Qh3 h5 25. b4 Kf8 26. b5
Bxf3 27. Qxf3 e4 28. Qd1 Ne5 29. Qe2 Nd3+ 30. Kf1 Qxb2 31. Qxb2 Nxb2 32. Ke2
Nxc4 33. Rxd7 Ne5 34. Rc7 Rb8 35. Rb1 Nd3 36. b6 Ne5 37. Rb5 Nc4 38. Rxc4
Rxb6 39. Rxb6 {Black resigns} 1-0

[Event "GambitGuide"]
[Site "Internet Chess Club"]
[Date "2014.10.31"]
[Round "1"]
[White "JSBach"]
[Black "Heian"]
[Result "1-0"]
[ICCResult "Black resigns"]
[WhiteElo "1684"]
[BlackElo "1548"]
[Opening "Vienna: `Frankenstein-Dracula' variation"]
[ECO "C27"]
[NIC "VG.02"]
[Time "13:34:57"]
[TimeControl "120+12"]

1. e4 e5 2. Nc3 Nf6 3. Bc4 Nxe4 4. Qh5 Nd6 5. Bb3 Nc6 6. Nb5 g6 7. Qf3 f5 8.
Qd5 Qe7 9. Nxc7+ Kd8 10. Nxa8 b6 11. d3 Bb7 12. Nxb6 axb6 13. Qf3 Kc7 14.
Bd2 Nd4 15. Qg3 Bg7 16. c3 Nxb3 17. axb3 Bf6 18. Ne2 e4 19. d4 Ra8 20. Rxa8
Bxa8 21. Bf4 Kc6 22. O-O Nf7 23. Ra1 Bb7 24. c4 d6 25. b4 Bh4 26. Qa3 g5 27.
Bd2 f4 28. h3 f3 29. gxf3 exf3 30. Qxf3+ Kc7 31. d5 Ne5 32. Qe3 Qd7 33. b3
Qf5 34. Nd4 Qg6 35. Ne6+ Kd7 36. Nf8+ {Black resigns} 1-0

[Event "GambitGuide"]
[Site "Internet Chess Club"]
[Date "2014.10.31"]
[Round "1"]
[White "JSBach"]
[Black "luckypawns"]
[Result "1-0"]
[ICCResult "Black resigns"]
[WhiteElo "1684"]
[BlackElo "1815"]
[Opening "Vienna: `Frankenstein-Dracula' variation"]
[ECO "C27"]
[NIC "VG.02"]
[Time "13:34:11"]
[TimeControl "120+12"]

1. e4 e5 2. Nc3 Nf6 3. Bc4 Nxe4 4. Qh5 Nd6 5. Bb3 Nc6 6. Nb5 g6 7. Qf3 f5 8.
Qd5 Qe7 9. Nxc7+ Kd8 10. Nxa8 b6 11. d3 Bb7 12. Nxb6 axb6 13. Qf3 Nd4 14.
Qg3 f4 15. Qg4 Qf6 16. Ba4 Bc6 17. Bb3 h5 18. Qh3 Bh6 19. Bd2 e4 20. Bc3
N6f5 21. Rd1 e3 22. Ne2 exf2+ 23. Kxf2 Qd6 24. Rhe1 Nxb3 25. Bxh8 Qc5+ 26.
d4 Nbxd4 27. Nxd4 Nxd4 28. Rxd4 Qxc2+ 29. Re2 Qc5 30. b4 Qf8 31. Be5 Bb5 32.
Qe6 f3 33. Rc2 fxg2+ 34. Bf6+ {Black resigns} 1-0

[Event "GambitGuide"]
[Site "Internet Chess Club"]
[Date "2014.10.31"]
[Round "1"]
[White "JSBach"]
[Black "StevieBlunder"]
[Result "1-0"]
[ICCResult "Black checkmated"]
[WhiteElo "1684"]
[BlackElo "1173"]
[Opening "Vienna: `Frankenstein-Dracula' variation"]
[ECO "C27"]
[NIC "VG.02"]
[Time "13:36:01"]
[TimeControl "120+12"]

1. e4 e5 2. Nc3 Nf6 3. Bc4 Nxe4 4. Qh5 Nd6 5. Bb3 Nc6 6. Nb5 g6 7. Qf3 f5 8.
Qd5 Qe7 9. Nxc7+ Kd8 10. Nxa8 b6 11. d3 Bb7 12. Nxb6 axb6 13. Qf3 Kc8 14.
Be3 e4 15. Qf4 Ne5 16. Bxb6 exd3 17. Kf1 dxc2 18. Rc1 Kb8 19. Rxc2 Bg7 20.
Bc7+ Ka8 21. Qa4+ Ba6+ 22. Qxa6# {Black checkmated} 1-0

[Event "GambitGuide"]
[Site "Internet Chess Club"]
[Date "2014.10.31"]
[Round "1"]
[White "JSBach"]
[Black "JasonZ"]
[Result "1-0"]
[ICCResult "Black resigns"]
[WhiteElo "1684"]
[BlackElo "1219"]
[Opening "Vienna: `Frankenstein-Dracula' variation"]
[ECO "C27"]
[NIC "VG.02"]
[Time "13:35:06"]
[TimeControl "120+12"]

1. e4 e5 2. Nc3 Nf6 3. Bc4 Nxe4 4. Qh5 Nd6 5. Bb3 Nc6 6. Nb5 g6 7. Qf3 f5 8.
Qd5 Qe7 9. Nxc7+ Kd8 10. Nxa8 b6 11. d3 Bg7 12. Nh3 Bb7 13. Bg5 Bf6 14. Nxb6
axb6 15. g3 Bxg5 16. Nxg5 Qxg5 17. Qxd6 Qe7 18. Qxe7+ Kxe7 19. Bd5 Kd6 20.
c4 Na5 21. Bxb7 Nxb7 22. O-O-O Rc8 23. Kd2 Nc5 24. h4 Ne6 25. b3 Nd4 26. Kc3
b5 27. Kb2 b4 28. a4 Ke6 29. a5 d6 30. a6 Ra8 31. Ra1 Kd7 32. h5 Ke6 33.
hxg6 hxg6 34. Rh6 Kf6 35. Rh7 e4 36. dxe4 fxe4 37. Rh4 Kf5 38. Ra5+ Kf6 39.
Rxe4 Nf5 40. g4 Ne7 41. f4 Nc6 42. Ra1 g5 43. f5 Ne5 44. Rd4 Ke7 45. Kc2 Nf3
46. Rd3 Ne5 47. Re3 Kf6 48. Re4 Ke7 49. c5 Ra7 50. cxd6+ Kxd6 51. Rd1+
{Black resigns}
1-0

[Event "GambitGuide"]
[Site "Internet Chess Club"]
[Date "2014.10.31"]
[Round "1"]
[White "JSBach"]
[Black "Mrix"]
[Result "1-0"]
[ICCResult "Black resigns"]
[WhiteElo "1684"]
[BlackElo "1603"]
[Opening "Vienna: `Frankenstein-Dracula' variation"]
[ECO "C27"]
[NIC "VG.02"]
[Time "13:36:20"]
[TimeControl "120+12"]

1. e4 e5 2. Nc3 Nf6 3. Bc4 Nxe4 4. Qh5 Nd6 5. Bb3 Nc6 6. Nb5 g6 7. Qf3 f5 8.
Qd5 Qe7 9. Nxc7+ Kd8 10. Nxa8 b6 11. d3 Bb7 12. Nxb6 axb6 13. Qf3 e4 14. Qe3
Bg7 15. Qxb6+ Ke8 16. Ne2 exd3 17. cxd3 Ne5 18. d4 Nd3+ 19. Kf1 Bxg2+ 20.
Kxg2 Qxe2 21. Qb8+ Ke7 22. Bg5+ Bf6 23. Bxf6+ Kxf6 24. Qxh8+ Kg5 25. Qd8+
Kh5 26. Bd1 {Black resigns} 1-0

[Event "GambitGuide"]
[Site "Internet Chess Club"]
[Date "2014.10.31"]
[Round "1"]
[White "JSBach"]
[Black "nsideurheadbro"]
[Result "1-0"]
[ICCResult "Black resigns"]
[WhiteElo "1684"]
[BlackElo "1184"]
[Opening "Vienna: `Frankenstein-Dracula' variation"]
[ECO "C27"]
[NIC "VG.02"]
[Time "13:32:57"]
[TimeControl "120+12"]

1. e4 e5 2. Nc3 Nf6 3. Bc4 Nxe4 4. Qh5 Nd6 5. Bb3 Nc6 6. Nb5 g6 7. Qf3 f5 8.
Qd5 Qe7 9. Nxc7+ Kd8 10. Nxa8 b6 11. d3 Bb7 12. Nxb6 axb6 13. Qf3 Nd4 14.
Qh3 f4 15. Ba4 g5 16. c3 N4f5 17. Bd2 h5 18. Bd1 e4 19. Bxh5 exd3+ 20. Kf1
Ng7 21. Re1 Qf6 22. Qxd3 Nxh5 23. Nf3 Nf5 24. Ne5 Bd6 25. Qb5 Bxe5 26. Rxe5
Rf8 27. f3 Qd6 28. Rxf5 Rxf5 29. Qxf5 Qxd2 30. Qxg5+ Kc7 31. Qe5+ d6 32.
Qe7+ Kc6 33. Qe8+ Kc5 34. Qxh5+ d5 35. b4+ Kc4 36. Qe5 Qxc3 37. Qc7+ Kd4 38.
Qxb6+ Kd3 39. Qb5+ Ke3 40. Qe2+ Kd4 41. Qf2+ Ke5 42. b5 d4 43. a4 d3 44.
Qe1+ Kd4 45. Qxc3+ Kxc3 46. Kf2 d2 47. g4 Kc2 48. Ke2 Bxf3+ 49. Kxf3 d1=Q+
50. Rxd1 Kxd1 51. b6 {Black resigns} 1-0

[Event "GambitGuide"]
[Site "Internet Chess Club"]
[Date "2014.10.31"]
[Round "1"]
[White "JSBach"]
[Black "skibum1313"]
[Result "1-0"]
[ICCResult "Black resigns"]
[WhiteElo "1684"]
[BlackElo "1513"]
[Opening "Vienna: `Frankenstein-Dracula' variation"]
[ECO "C27"]
[NIC "VG.02"]
[Time "13:36:06"]
[TimeControl "120+12"]

1. e4 e5 2. Nc3 Nf6 3. Bc4 Nxe4 4. Qh5 Nd6 5. Bb3 Nc6 6. Nb5 g6 7. Qf3 f5 8.
Qd5 Qe7 9. Nxc7+ Kd8 10. Nxa8 b6 11. d3 Bb7 12. Nxb6 axb6 13. Qf3 Bg7 14.
Be3 b5 15. Bd5 Re8 16. Bb6+ Kc8 17. c4 bxc4 18. Rc1 e4 19. dxe4 Nxe4 20. Be3
Qe5 21. Bxc4 Qxb2 22. Ne2 Kd8 23. O-O Ne5 24. Qh3 h5 25. Bd4 Qxe2 26. Bxe2
Nd2 27. Qh4+ {Black resigns} 1-0

[Event "GambitGuide"]
[Site "Internet Chess Club"]
[Date "2014.10.31"]
[Round "1"]
[White "JSBach"]
[Black "TiredDad"]
[Result "0-1"]
[ICCResult "White checkmated"]
[WhiteElo "1684"]
[BlackElo "1400"]
[Opening "Vienna: `Frankenstein-Dracula' variation"]
[ECO "C27"]
[NIC "VG.02"]
[Time "13:35:06"]
[TimeControl "120+12"]

1. e4 e5 2. Nc3 Nf6 3. Bc4 Nxe4 4. Qh5 Nd6 5. Bb3 Nc6 6. Nb5 g6 7. Qf3 f5 8.
Qd5 Qe7 9. Nxc7+ Kd8 10. Nxa8 b6 11. d3 Bb7 12. Nxb6 axb6 13. Qf3 h6 14. Qg3
g5 15. Be3 Kc7 16. Qf3 Nd4 17. Qh3 h5 18. Bxd4 exd4+ 19. Ne2 h4 20. f3 Qg7
21. O-O g4 22. fxg4 fxg4 23. Rxf8 gxh3 24. Rf2 hxg2 25. Rf4 h3 26. Nxd4 Rf8
27. Rxf8 Qxf8 28. Re1 Nf5 29. Nb5+ Kb8 30. Re5 Nh4 31. Rf5 Qxf5 32. Nd6 Qf1#
{White checkmated}
0-1

[Event "GambitGuide"]
[Site "Internet Chess Club"]
[Date "2014.10.31"]
[Round "1"]
[White "JSBach"]
[Black "riddick62"]
[Result "1-0"]
[ICCResult "Black resigns"]
[WhiteElo "1684"]
[BlackElo "1442"]
[Opening "Vienna: `Frankenstein-Dracula' variation"]
[ECO "C27"]
[NIC "VG.02"]
[Time "13:37:29"]
[TimeControl "120+12"]

1. e4 e5 2. Nc3 Nf6 3. Bc4 Nxe4 4. Qh5 Nd6 5. Bb3 Nc6 6. Nb5 g6 7. Qf3 f5 8.
Qd5 Qe7 9. Nxc7+ Kd8 10. Nxa8 b6 11. d3 e4 12. dxe4 Nxe4 13. Be3 Nb4 14. Qc4
Nc6 15. Rd1 Bb7 16. Nxb6 axb6 17. Bxb6+ Kc8 18. Ne2 Qb4+ 19. Qxb4 Nxb4 20.
Bd4 Rg8 21. Bxg8 {Black resigns} 1-0

[Event "GambitGuide"]
[Site "Internet Chess Club"]
[Date "2014.10.31"]
[Round "1"]
[White "JSBach"]
[Black "BlitzRunner"]
[Result "0-1"]
[ICCResult "White checkmated"]
[WhiteElo "1684"]
[BlackElo "1904"]
[Opening "Vienna: `Frankenstein-Dracula' variation"]
[ECO "C27"]
[NIC "VG.02"]
[Time "13:30:27"]
[TimeControl "120+12"]

1. e4 e5 2. Nc3 Nf6 3. Bc4 Nxe4 4. Qh5 Nd6 5. Bb3 Nc6 6. Nb5 g6 7. Qf3 f5 8.
Qd5 Qe7 9. Nxc7+ Kd8 10. Nxa8 b6 11. d3 Bb7 12. Nxb6 axb6 13. Qf3 Nd4 14.
Qg3 Nxb3 15. axb3 f4 16. Qg4 Qe6 17. Qxe6 dxe6 18. f3 Nf5 19. Ra7 Kc8 20.
Ke2 Nd4+ 21. Kd2 Bc5 22. Ne2 Kb8 23. Ra1 Nf5 24. c3 Ne3 25. b4 Be7 26. Rg1
g5 27. h3 h5 28. Ra2 g4 29. hxg4 hxg4 30. fxg4 Rh2 31. d4 Nxg2 32. dxe5 f3
33. Nd4 Bg5+ 34. Kd3 f2 35. Rd1 Bxc1 36. Rxc1 Ne1+ 37. Ke2 Be4 38. Rxe1
fxe1=Q+ 39. Kxe1 Bd5 40. Ra3 Rxb2 41. g5 Rg2 42. c4 Bxc4 43. Nc6+ Kc7 44.
Rc3 b5 45. Na5 Re2+ 46. Kd1 Rxe5 47. Nxc4 bxc4 48. Rxc4+ Kd6 49. Rc5 Re4 50.
Rb5 Rg4 51. Kc2 e5 52. Rb6+ Kc7 53. Rg6 Rxb4 54. Rg7+ Kd6 55. Kc3 Rd4 56. g6
Ke6 57. Ra7 Kf5 58. g7 Rg4 59. Rf7+ Ke4 60. Kc2 Ke3 61. Rd7 e4 62. Kb3 Ke2
63. Kc4 e3+ 64. Kd5 Ke1 65. Ke5 e2 66. Kf5 Rg2 67. Ke4 Kf1 68. Rf7+ Kg1 69.
Rb7 e1=Q+ 70. Kf5 Qa5+ 71. Kf4 Qa4+ 72. Kf5 Qc2+ 73. Kf4 Qc4+ 74. Ke5 Qc5+
75. Kf4 Qd4+ 76. Kf5 Qd5+ 77. Kf6 Qxb7 78. Ke5 Qxg7+ 79. Kf5 Qf7+ 80. Ke5
Rg6 81. Kd4 Qf5 82. Ke3 Rg4 83. Ke2 Rg3 84. Kd1 Rg2 85. Ke1 Qf1#
{White checkmated}
0-1

[Event "GambitGuide"]
[Site "Internet Chess Club"]
[Date "2014.10.31"]
[Round "1"]
[White "JSBach"]
[Black "JasonZ"]
[Result "1-0"]
[ICCResult "Black resigns"]
[WhiteElo "1684"]
[BlackElo "1219"]
[Opening "Vienna: `Frankenstein-Dracula' variation"]
[ECO "C27"]
[NIC "VG.02"]
[Time "13:38:22"]
[TimeControl "120+12"]

1. e4 e5 2. Nc3 Nf6 3. Bc4 Nxe4 4. Qh5 Nd6 5. Bb3 Nc6 6. Nb5 g6 7. Qf3 f5 8.
Qd5 Qe7 9. Nxc7+ Kd8 10. Nxa8 b6 11. d3 Bb7 12. Nxb6 axb6 13. Qf3 Na5 14.
Qg3 f4 15. Qg4 h5 16. Qxg6 {Black resigns} 1-0

[Event "GambitGuide"]
[Site "Internet Chess Club"]
[Date "2014.10.31"]
[Round "1"]
[White "JSBach"]
[Black "Fifo25"]
[Result "0-1"]
[ICCResult "White checkmated"]
[WhiteElo "1684"]
[BlackElo "1509"]
[Opening "Vienna: `Frankenstein-Dracula' variation"]
[ECO "C27"]
[NIC "VG.02"]
[Time "13:37:50"]
[TimeControl "120+12"]

1. e4 e5 2. Nc3 Nf6 3. Bc4 Nxe4 4. Qh5 Nd6 5. Bb3 Nc6 6. Nb5 g6 7. Qf3 f5 8.
Qd5 Qe7 9. Nxc7+ Kd8 10. Nxa8 b6 11. d3 Bb7 12. Nxb6 axb6 13. Qf3 Nd4 14.
Qg3 f4 15. Qg4 N6f5 16. Ne2 Nxe2 17. Kxe2 Nd4+ 18. Ke1 g5 19. Bd2 h5 20. Qd1
Bxg2 21. Rg1 Bf3 22. Qb1 Bg4 23. Bd5 Qc5 24. c4 Bg7 25. b4 Qd6 26. h3 Bf3
27. Rxg5 Bf6 28. Rg6 Bxd5 29. cxd5 Qxd5 30. Bxf4 exf4 31. Kf1 Qh1+ 32. Rg1
Qxh3+ 33. Ke1 Nf3+ 34. Ke2 Re8+ 35. Kd1 Nxg1 36. d4 Qf3+ 37. Kc2 Re2+ 38.
Kd1 Rxf2+ 39. Kc1 Ne2+ 40. Kd1 Nc3+ 41. Ke1 Qe2# {White checkmated} 0-1